 Dungeon Crawl Stone Soup version 0.12.2-12-gd1dd697 (webtiles) character file.

1138 Dalarin the Sneak (level 7, -8/32 HPs)
             Began as a Spriggan Venom Mage on July 20, 2013.
             Mangled by a goliath beetle (23 damage)
             ... on Level 6 of the Dungeon.
             The game lasted 00:41:31 (5436 turns).

Dalarin the Sneak (Spriggan Venom Mage)             Turns: 5436, Time: 00:41:31

HP  -8/32        AC  2     Str  6      XL: 7   Next: 74%
MP   1/20        EV 20     Int 17      God:
Gold 265         SH  0     Dex 16      Spells:  4 memorised,  3 levels left

Res.Fire  : . . .   See Invis. : +   m - +2,+1 dagger
Res.Cold  : . . .   Warding    : .   a - +0 robe
Life Prot.: . . .   Conserve   : .   (shield restricted)
Res.Poison: .       Res.Corr.  : .   (helmet restricted)
Res.Elec. : .       Clarity    : .   (no cloak)
Sust.Abil.: . .     Spirit.Shd : .   (gloves unavailable)
Res.Mut.  : .       Stasis     : .   (boots unavailable)
Res.Rott. : .       Ctrl.Telep.: .   (no amulet)
Saprovore : . . .   Flight     : .   (no ring)
                                     (no ring)

@: very slightly contaminated, very quick, somewhat resistant to hostile
enchantments, quite stealthy
A: unfitting armour, see invisible, herbivore 3, speed 3, slow metabolism 2
a: no special abilities


You were on level 6 of the Dungeon.
You were not hungry.

You visited 1 branch of the dungeon, and saw 6 of its levels.

You collected 245 gold pieces.

Inventory:

Hand weapons
 m - a +2,+1 dagger (weapon)
Missiles
 i - a dart of frost
 j - 14 darts (quivered)
 o - 14 exploding darts
Armour
 a - a +0 robe (worn)
Comestibles
 f - a pear
 g - 2 bread rations
 p - a choko
Scrolls
 d - 6 scrolls of identify
 e - 4 scrolls of remove curse {unknown}
 h - a scroll of amnesia
 q - 2 scrolls of magic mapping
Potions
 c - 2 potions of porridge
 k - a potion of curing
 l - a potion of heal wounds
Books
 b - a Young Poisoner's Handbook

   Spells                             Type                      Level
   *Sting                             Conjuration/Poison           1
   *Cure Poison                       Poison                       2
   *Mephitic Cloud                    Conjuration/Poison/Air       3
   Olgreb's Toxic Radiance            Poison                       4
   Venom Bolt                         Conjuration/Poison           5
 r - a book of Clouds

   Spells                             Type                      Level
   *Mephitic Cloud                    Conjuration/Poison/Air       3
   *Conjure Flame                     Conjuration/Fire             3
   Poisonous Cloud                    Conjuration/Poison/Air       6
   Freezing Cloud                     Conjuration/Ice/Air          6
   Ring of Flames                     Charms/Fire                  7


   Skills:
 + Level 1.6 Fighting
 + Level 2.5 Short Blades
 + Level 2.1 Throwing
 + Level 4.8 Dodging
 + Level 5.3 Stealth
 + Level 3.8 Stabbing
 + Level 3.4 Traps
 + Level 3.3 Spellcasting
 + Level 1.9 Conjurations
 + Level 5.0 Poison Magic


You had 3 spell levels left.
You knew the following spells:

 Your Spells              Type           Power        Failure   Level  Hunger
a - Sting                 Conj/Pois      ###..        4%          1    None
b - Cure Poison           Pois           ####......   3%          2    ##.....
c - Mephitic Cloud        Conj/Pois/Air  ###......    21%         3    ###....
d - Conjure Flame         Conj/Fire      ##.......    38%         3    ###....


Dungeon Overview and Level Annotations

Branches:
Dungeon (6/27)             Temple (0/1) D:6
    Orc: D:6-11

Altars:
Ashenzari
Cheibriados
Fedhas


Innate Abilities, Weirdness & Mutations

You are tiny and cannot use many weapons and most armour.
You have supernaturally acute eyesight.
You are a herbivore.
You cover ground extremely quickly.
You need consume almost no food.


Message History

Nothing appears to happen.
Casting: Sting
Confirm with . or Enter, or press ? or * to list all spells.
You don't have enough magic to cast that spell.
Unknown command.
Casting: Sting
Confirm with . or Enter, or press ? or * to list all spells.
You don't have enough magic to cast that spell.
Unknown command.
Casting: Sting
Confirm with . or Enter, or press ? or * to list all spells.
You don't have enough magic to cast that spell.
Unknown command.
You hit the goliath beetle but do no damage.
The goliath beetle is almost dead.
You hit the goliath beetle but do no damage.
The goliath beetle is almost dead.
The goliath beetle bites you!
Ouch! That really hurt!
You die...

#.###.# #.#...#
#.#.########
#.......%..#
#...######.#
#.....# #.# #..##.#
##.## #####
#..##.###...#
#8@8###............
##.B..(...........#
#####.#.......#.##
#............#
#.#......)#..#
#.#>......#..#
#.#...........
#.####.#####.# #.#
#.# .#


You could see a goliath beetle.

Vanquished Creatures
  Eustachio (D:6)
  A centaur (D:6)
  2 ogres
  A big kobold (D:5)
  A goliath beetle (D:6)
  2 worker ants
  An iguana (D:6)
  3 hounds (D:4)
  An orc wizard (D:5)
  7 adders
  3 worms
  A bat skeleton (D:4)
  2 giant eyeballs
  3 giant geckos
  An ooze (D:3)
  3 orcs (D:5)
  12 bats
  17 hobgoblins
  18 kobolds
  3 quokkas
  4 ball pythons
  2 giant cockroaches
  4 giant newts
  9 goblins
  2 jackals (D:4)
  7 rats
111 creatures vanquished.

Vanquished Creatures (others)
  A kobold (D:5)
  A rat (D:5)
2 creatures vanquished.

Grand Total: 113 creatures vanquished

Notes
Turn   | Place    | Note
--------------------------------------------------------------
     0 | D:1      | Dalarin, the Spriggan Venom Mage, began the quest for the Orb.
     0 | D:1      | Reached XP level 1. HP: 9/9 MP: 4/4
    72 | D:1      | Reached skill level 1 in Stabbing
   254 | D:1      | Reached XP level 2. HP: 10/13 MP: 1/6
   882 | D:2      | Reached skill level 1 in Traps
   882 | D:2      | Reached XP level 3. HP: 13/16 MP: 3/9
   901 | D:2      | Learned a level 2 spell: Cure Poison
  1121 | D:2      | Reached XP level 4. HP: 15/21 MP: 0/11
  1496 | D:2      | Learned a level 3 spell: Mephitic Cloud
  1501 | D:3      | Reached skill level 1 in Conjurations
  1871 | D:3      | Noticed an ogre
  1952 | D:3      | Killed an ogre
  1952 | D:3      | Reached skill level 1 in Throwing
  1952 | D:3      | Reached XP level 5. HP: 24/24 MP: 1/14
  2381 | D:4      | Reached skill level 1 in Short Blades
  2458 | D:4      | Reached skill level 1 in Fighting
  2603 | D:4      | Reached XP level 6. HP: 21/28 MP: 15/17
  2614 | D:4      | Paralysed by a giant eyeball for 4 turns
  2628 | D:4      | Paralysed by a giant eyeball for 2 turns
  3107 | D:5      | Entered Level 5 of the Dungeon
  3133 | D:5      | Found a blossoming altar of Fedhas.
  3246 | D:5      | Found a shattered altar of Ashenzari.
  3295 | D:5      | Paralysed by a giant eyeball for 4 turns
  4639 | D:6      | Found a snail-covered altar of Cheibriados.
  4656 | D:6      | Reached XP level 7. HP: 32/32 MP: 9/19
  5096 | D:6      | Noticed Eustachio
  5143 | D:6      | Killed Eustachio
  5143 | D:6      | Reached skill level 5 in Stealth
  5312 | D:6      | Learned a level 3 spell: Conjure Flame
  5351 | D:6      | Found a staircase to the Ecumenical Temple.
  5423 | D:6      | Reached skill level 5 in Poison Magic
  5436 | D:6      | Mangled by a goliath beetle

Action                   |  1- 3 |  4- 6 |  7- 9 || total
-------------------------+-------+-------+-------++-------
Melee: Unarmed           |    75 |       |       ||    75
       Dagger            |    13 |   188 |   180 ||   381
Throw: Dart              |       |    45 |     5 ||    50
 Cast: Sting             |    58 |   181 |    53 ||   292
       Mephitic Cloud    |       |     4 |     2 ||     6
       Cure Poison       |       |     1 |       ||     1
  Use: Potion            |     5 |       |     1 ||     6
       Scroll            |     2 |     7 |       ||     9
 Stab: Sleeping          |     2 |     2 |     2 ||     6
